 Dungeon Crawl Stone Soup version 0.25.0-9-g26727b657a (webtiles) character file.

Game seed: 6070321693839329758

1399 HoaS the Grappler (level 8, -1/52 HPs)
             Began as a Gargoyle Gladiator on June 21, 2020.
             Slain by an orc warrior
             ... wielding a +0 dire flail
              (14 damage)
             ... on level 6 of the Dungeon.
             The game lasted 00:12:30 (4518 turns).

HoaS the Grappler (Gargoyle Gladiator)              Turns: 4518, Time: 00:12:31

Health: -1/52      AC: 15    Str: 20    XL:     8   Next: 69%
Magic:  8/8        EV:  8    Int:  9    God:
Gold:   1017       SH:  5    Dex: 11    Spells: 7/7 levels left

rFire    . . .     SeeInvis .     - Unarmed
rCold    . . .     Gourm    .   (no shield)
rNeg     + . .     Faith    .   q - +0 chain mail
rPois    ∞         Spirit   .   b - +1 helmet
rElec    +         Reflect  +   (no cloak)
rCorr    .         Harm     .   (no gloves)
MR       .....                  (no boots)
Stlth    ..........             e - amulet of reflection
HPRegen  0.17/turn              f - +4 ring of slaying
MPRegen  0.11/turn              (no ring)

@: no status effects
A: negative energy resistance 1, electricity resistance, unbreathing,
petrification resistance, rot immunity, AC +5
a: no special abilities


You were on level 6 of the Dungeon.
You were not hungry.

You visited 1 branch of the dungeon, and saw 7 of its levels.

You collected 1017 gold pieces.

Inventory:

Missiles
 g - 6 atropa-tipped darts (quivered)
 l - 11 boomerangs
 n - 2 silver boomerangs
Armour
 b - a +1 helmet (worn)
 q - a +0 chain mail (worn)
Jewellery
 e - an amulet of reflection (around neck)
 f - a +4 ring of slaying (left hand)
Wands
 m - a wand of random effects (17)
 r - a wand of clouds (2)
Scrolls
 h - 2 scrolls of teleportation
 k - 4 scrolls of identify
 s - a scroll of remove curse
Potions
 a - 3 potions of curing
 i - 2 potions of flight
 j - a potion of mutation {unknown}
 o - 2 potions of ambrosia {unknown}
 p - 2 potions of lignification {unknown}
 t - a potion of degeneration {unknown}
Comestibles
 c - 17 chunks of flesh
 d - 6 rations


   Skills:
 + Level 6.9 Fighting
 - Level 1.7 Throwing
 - Level 2.4 Dodging
 * Level 9.1 Unarmed Combat


You had 7 spell levels left.
You didn't know any spells.
Your spell library was empty.

Dungeon Overview and Level Annotations

Branches:
Dungeon (7/15)
 Temple: D:4-7

Altars:
Ashenzari
Dithmenos
Gozag
Okawaru
Xom

Annotations:
D:6 1 runed translucent door, Crazy Yiuf
D:7 1 runed translucent door


Innate Abilities, Weirdness & Mutations

You are resistant to torment.
Your stone body is resilient. (AC +5)
You are immune to poison.
You resist negative energy. (rN+)
You are resistant to electric shocks. (rElec)
You can survive without breathing.
You are immune to petrification.
You are immune to rotting.


Message History

You hit the orc warrior but do no damage.
The orc warrior is severely wounded.
The orc warrior barely misses you.
You closely miss the orc warrior.
The orc warrior is severely wounded.
The orc wizard looks satisfied for a moment.
You block the orc warrior's attack.
You punch the orc warrior!
The orc warrior is almost dead.
You closely miss the orc warrior.
The orc warrior is almost dead.
The orc warrior hits you with a +0 dire flail!
* * * LOW HITPOINT WARNING * * *
The orc wizard gestures wildly while chanting.
The orc wizard flickers and vanishes!
Deactivating autopickup; reactivate with Ctrl-A.
You closely miss the orc warrior.
The orc warrior is almost dead.
The orc warrior hits you with a +0 dire flail!
You die...

♣♣.♣ ♣.♣♣ ... ♣♣.♣ #....
♣♣.♣♣ # .#...#### ♣♣...♣
.# ........# ♣....♣ ..#.
........# #....# .....
........####....###{[....
.
#..............@ooo.....
#
##..............######...
# ##...#..........# #
##................# #
####............... #
##.)................
..###
##.)...(.###........
..... ##.....### #.....##
..... .......# .....
#....


You could see an orc warrior and 2 orcs.

Vanquished Creatures
  A water moccasin (D:7)
  Purgy (D:4)
  A black bear (D:7)
  A centaur (D:7)
  2 ogres
  3 bullfrogs
  A scorpion (D:4)
  4 killer bees (D:4)
  A hound (D:5)
  A jelly (D:7)
  A bullfrog skeleton (D:6)
  3 orc wizards
  An iguana (D:7)
  A worker ant (D:4)
  A hound skeleton (D:4)
  7 adders
  An ooze (D:5)
  4 worms
  4 dart slugs
  2 leopard geckos
  23 orcs
  2 ball pythons
  3 giant cockroaches
  8 goblins
  11 hobgoblins
  2 jackals (D:4)
  6 kobolds
  A quokka (D:2)
  9 bats
  6 frilled lizards
  A jackal skeleton (D:4)
  3 rats (D:1)
116 creatures vanquished.

Vanquished Creatures (others)
  6 toadstools (D:7)
6 creatures vanquished.

Grand Total: 122 creatures vanquished

Notes
Turn   | Place    | Note
-------+----------+-------------------------------------------
     0 | D:1      | HoaS the Gargoyle Gladiator began the quest for the Orb.
     0 | D:1      | Reached XP level 1. HP: 12/12 MP: 1/1
   338 | D:1      | Reached XP level 2. HP: 17/18 MP: 2/2
  1004 | D:2      | Reached XP level 3. HP: 22/22 MP: 3/3
  1164 | D:2      | Reached skill level 4 in Unarmed Combat
  1533 | D:2      | Reached XP level 4. HP: 28/28 MP: 4/4
  1906 | D:2      | Found an opulent altar of Gozag.
  2104 | D:3      | Found a shattered altar of Ashenzari.
  2240 | D:3      | Reached XP level 5. HP: 28/32 MP: 5/5
  2539 | D:3      | Reached skill level 5 in Unarmed Combat
  2676 | D:3      | Found a faded altar of an unknown god.
  3006 | D:4      | Noticed Purgy
  3033 | D:4      | Killed Purgy
  3033 | D:4      | Reached XP level 6. HP: 28/38 MP: 6/6
  3178 | D:4      | You fall into a shaft and drop 3 floors!
  3179 | D:7      | Noticed a water moccasin
  3192 | D:7      | Reached skill level 6 in Unarmed Combat
  3199 | D:7      | Killed a water moccasin
  3201 | D:7      | Reached XP level 7. HP: 26/44 MP: 7/7
  3345 | D:7      | Reached skill level 5 in Fighting
  3351 | D:7      | Found a runed translucent door.
  3357 | D:7      | Reached skill level 7 in Unarmed Combat
  3360 | D:7      | Identified a scroll of acquirement
  3371 | D:7      | Found an iron altar of Okawaru.
  3401 | D:7      | Found a shadowy altar of Dithmenos.
  3615 | D:5      | Entered Level 5 of the Dungeon
  3668 | D:4      | Reached XP level 8. HP: 49/51 MP: 8/8
  3766 | D:4      | Reached skill level 8 in Unarmed Combat
  4216 | D:4      | You fall into a shaft and drop 2 floors!
  4330 | D:6      | Reached skill level 9 in Unarmed Combat
  4384 | D:6      | Found a shimmering altar of Xom.
  4481 | D:6      | Found a runed translucent door.
  4482 | D:6      | Noticed Crazy Yiuf
  4518 | D:6      | Slain by an orc warrior

Illustrated notes

Levels and vault maps discovered:
D:1:      onia_arrival_pyramid, layout_basic, minmay_heptomino_l4
D:2:      layout_basic, lemuel_coloured_pillars_altar
D:3:      layout_basic, chequers_ecumenical_altar_grove, first_ration,
          cheibrodos_ashenzari_chains
D:4:      layout_loops_corners, uniq_purgy
D:5:      layout_basic, minmay_misc_feat_pillars
D:6:      layout_basic, eat_drink_and_be_merry_uskayaw,
          minmay_temple_entry_junction, basic_altar, uniq_crazy_yiuf_cottage
D:7:      cheibrodos_fertilizer, layout_loops_ring, overflow_temple_1_default,
          marbit_many_paths, okawaru_metal_pillars_1_2,
          overflow_temple_1_default, gammafunk_ghost_grave

Skill      XL: |  1  2  3  4  5  6  7  8 |
---------------+-------------------------+-----
Fighting       | 3 4 5 6 |  6.9
Unarmed Combat | 4 5 6 7 9 |  9.1
Throwing       | |  1.7
Dodging        | |  2.4

Action                   |  1- 3 |  4- 6 |  7- 9 || total
-------------------------+-------+-------+-------++-------
Melee: Unarmed           |   176 |   183 |   180 ||   539
       Punch             |       |     3 |     3 ||     6
Throw: Throwing net      |       |     3 |     1 ||     4
       Boomerang         |       |     2 |     4 ||     6
  Use: Scroll            |     4 |     7 |     1 ||    12
 Stab: Held in net/web   |       |     2 |     1 ||     3
  Eat: Chunk             |     2 |     6 |     4 ||    12
Armor: Leather armour    |    11 |       |       ||    11
       Ring mail         |    64 |    49 |    22 ||   135
       Chain mail        |       |       |    51 ||    51
Dodge: Dodged            |   112 |    65 |    54 ||   231
Block: Other             |    30 |    26 |    36 ||    92
       Reflection        |     1 |     2 |       ||     3
